 Dungeon Crawl Stone Soup version 0.13-a0-2156-ga9a2eb8 (webtiles) character file.

362 Mathinus the Grasshopper (level 5, -1/41 HPs)
             Began as a Gargoyle Warper on June 30, 2013.
             Killed by divine providence
             ... invoked by an orc priest
              (13 damage)
             ... on Level 4 of the Dungeon.
             The game lasted 00:22:01 (2653 turns).

Mathinus the Grasshopper (Gargoyle Warper)          Turns: 2653, Time: 00:22:01

HP  -1/41        AC  3     Str 15      XL: 5   Next: 79%
MP   6/8         EV 11     Int 14      God:
Gold 161         SH  0     Dex  9      Spells:  3 memorised,  4 levels left

Res.Fire  : . . .   See Invis. : .   A - +0,+4 orc mace (crush)
Res.Cold  : + . .   Warding    : .   i - +0 orc leather armour {MR+}
Life Prot.: + . .   Conserve   : .   (no shield)
Res.Poison: .       Res.Corr.  : .   (no helmet)
Res.Elec. : .       Clarity    : .   (no cloak)
Sust.Abil.: + .     Spirit.Shd : .   (no gloves)
Res.Mut.  : .       Stasis     : .   (no boots)
Res.Rott. : .       Flight     : .   (no amulet)
Saprovore : . . .                    (no ring)
                                     x - ring of sustain abilities

@: shrouded, somewhat resistant to hostile enchantments, very unstealthy
A: fangs 1, talons 2, cold resistance 1, life protection 1, slow metabolism 1,
petrification resistance, trample resistance
a: no special abilities


You were on level 4 of the Dungeon.
You were not hungry.

You visited 1 branch of the dungeon, and saw 4 of its levels.

You collected 111 gold pieces.

Inventory:

Hand weapons
 a - a +1,+1 mace
 n - a +0,+0 mace
 t - a +1,+0 short sword of draining
 A - a +0,+4 orcish mace of crushing (weapon)
Missiles
 e - 17 darts (quivered)
 f - 10 darts of dispersal
 h - a dart of frost
Armour
 i - a +0 orcish leather armour of magic resistance (worn)
 q - a +0 cloak
Comestibles
 g - 2 bread rations
 o - 2 pears
Scrolls
 d - a scroll of blinking
 s - a scroll of remove curse {unknown}
 v - a scroll of teleportation
 w - a scroll of fear
Jewellery
 x - a ring of sustain abilities (left hand)
Potions
 j - a potion of curing {unknown}
 p - 2 potions of speed {unknown}
 r - 2 potions of paralysis {unknown}
Books
 c - a book of Spatial Translocations

   Spells                             Type                      Level
   *Apportation                       Translocation                1
   Portal Projectile                  Translocation                2
   *Blink                             Translocation                2
   *Shroud of Golubria                Charms/Translocation         2
   Teleport Other                     Translocation                3
   Passage of Golubria                Translocation                4


   Skills:
 + Level 2.9 Fighting
 + Level 2.9 Maces & Flails
 + Level 1.0 Throwing
 + Level 2.0 Armour
 + Level 2.9 Dodging
 + Level 0.2 Stealth
 + Level 0.5 Traps
 + Level 2.5 Spellcasting
 + Level 0.2 Charms
 + Level 3.3 Translocations


You had 4 spell levels left.
You knew the following spells:

 Your Spells              Type           Power        Failure   Level  Hunger
a - Apportation           Tloc           ##........   10%         1    #......
b - Shroud of Golubria    Chrm/Tloc      #.........   21%         2    ##.....
c - Blink                 Tloc           N/A          12%         2    ##.....


Dungeon Overview and Level Annotations

Branches:
Dungeon (4/27)
 Temple: D:4-7

Altars:
Elyvilon
Fedhas
Vehumet


Innate Abilities, Weirdness & Mutations

You have very sharp teeth.
You have razor-sharp toenails.
Your flesh is cold resistant.
You resist negative energy.
You have a slow metabolism.
You are immune to petrification.
You are resistant to trampling.


Message History

You hit the jackal.
You kill the jackal!
The orc barely misses you.
You sock the orc!
You kill the orc!
The orc priest looks stronger.
You barely miss the orc. Your kick misses the orc.
The orc hits you with an orcish dagger.
Cast which spell? (? or * to list) Space distorts slightly along a thin shroud covering your body.
The orc priest invokes the aid of Beogh against you.
Something smites you!
* * * LOW HITPOINT WARNING * * *
Your shroud bends the orc's attack away.
You barely miss the orc. You bite the orc, but do no damage.
The orc priest utters an invocation to Beogh.
You feel troubled. The orc barely misses you.
The orc priest calls down the wrath of Beogh upon you.
Something smites you!
You die...

... ..>...<........... #.#
#............ ... #o#
#.........# .. #.#
#.........######. #.#
#......[......... #)#
#...[.....######.
#######.####........## #.
#......oo.##........#######.
#.........o@................
#.........##........#######.
#.........##........# #.
##################### #. ##


You could see an orc priest and 2 orcs.

Vanquished Creatures
  2 orc wizards (D:4)
  4 adders
  A giant mite (D:3)
  3 worms
  7 orcs
  A giant cockroach (D:1)
  7 goblins
  16 hobgoblins
  2 ball pythons
  12 bats
  2 giant geckos
  2 giant newts
  A goblin skeleton (D:4)
  5 jackals
  11 kobolds
  6 rats
82 creatures vanquished.

Vanquished Creatures (others)
  A jackal (D:1)
1 creature vanquished.

Grand Total: 83 creatures vanquished

Notes
Turn   | Place    | Note
--------------------------------------------------------------
     0 | D:1      | Mathinus, the Gargoyle Warper, began the quest for the Orb.
     0 | D:1      | Reached XP level 1. HP: 16/16 MP: 1/1
   105 | D:1      | Reached XP level 2. HP: 21/23 MP: 3/3
   140 | D:1      | Learned a level 2 spell: Shroud of Golubria
   145 | D:1      | Learned a level 2 spell: Blink
   265 | D:1      | Reached skill level 1 in Armour
   506 | D:1      | Reached skill level 3 in Translocations
   519 | D:1      | Reached XP level 3. HP: 19/28 MP: 1/4
  1183 | D:2      | Reached XP level 4. HP: 21/36 MP: 4/6
  1944 | D:3      | Reached XP level 5. HP: 41/41 MP: 7/7
  2000 | D:3      | Found a white marble altar of Elyvilon.
  2012 | D:3      | Found a radiant altar of Vehumet.
  2042 | D:3      | Found a blossoming altar of Fedhas.
  2653 | D:4      | Killed from afar by an orc priest

Action                   |  1- 3 |  4- 6 || total
-------------------------+-------+-------++-------
Melee: Mace              |   114 |   148 ||   262
 Cast: Shroud of Golubri |     3 |    10 ||    13
       Apportation       |     1 |       ||     1
  Use: Scroll            |     1 |    14 ||    15
